 Dungeon Crawl Stone Soup version 0.28.0-43-g3370ac3207 (webtiles) character file.

Game seed: 16769024572545689487

788 issech the Cudgeller (level 7, -4/61 HPs)
             Began as a Troll Monk on Mar 28, 2022.
             Was a Believer of Hepliaklqana.
             Slain by Duvessa
             ... wielding a +0 short sword
              (10 damage)
             ... on level 5 of the Dungeon on Mar 29, 2022.
             The game lasted 00:15:11 (4279 turns).

issech the Cudgeller (Troll Monk)                   Turns: 4279, Time: 00:15:11

Health: -4/61      AC:  5    Str: 20    XL:     7   Next: 56%
Magic:  6/6        EV: 11    Int:  6    God:    Hepliaklqana [**....]
Gold:   236        SH:  0    Dex: 14    Spells: 6/6 levels left

rFire   . . .      SeeInvis .   p - +0 giant spiked club
rCold   . . .      Faith    .   (shield currently unavailable)
rNeg    . . .      Spirit   .   b - +0 robe
rPois   .          Reflect  .   (helmet restricted)
rElec   .          Harm     .   y - +0 cloak
rCorr   .          Rampage  .   (gloves unavailable)
Will    +....                   (boots unavailable)
Stlth   ++........              (no amulet)
HPRegen 1.00/turn               e - ring of willpower
MPRegen 0.10/turn               (no ring)

@: lethally poisoned (-4 -> -6)
A: reduced essence, large, unfitting armour, claws 3, regeneration 1, shaggy fur
1, tough skin 1
a: Renounce Religion, Recall Ancestor, Ancestor Identity


You were on level 5 of the Dungeon.
You worshipped Hepliaklqana.
Hepliaklqana was pleased with you.
You visited 2 branches of the dungeon, and saw 6 of its levels.

You collected 236 gold pieces.

Inventory:

Hand Weapons
 a - a +0 mace
 d - a +1 dagger of speed
 m - a +1 falchion of holy wrath
 p - a +0 giant spiked club (weapon)
 x - a +3 quarterstaff of chaos
 A - a +4 dagger
 B - a +2 dagger of venom
Missiles
 f - 170 stones (quivered)
 i - 63 arrows
 n - 5 atropa-tipped darts
 t - 4 poisoned darts
 u - 25 sling bullets
 w - 6 datura-tipped darts
Armour
 b - a +0 robe (worn)
 q - a +0 cloak
 r - a +0 cloak
 y - a +0 cloak (worn)
 z - an orb of guile
Jewellery
 e - a ring of willpower (left claw)
Scrolls
 c - a scroll of identify {unknown}
 g - a scroll of fear {unknown}
 k - a scroll of acquirement {unknown}
 l - 2 scrolls of noise {unknown}
 v - a scroll of vulnerability {unknown}
 D - a scroll of enchant armour {unknown}
Potions
 h - a potion of invisibility {unknown}
 j - a potion of heal wounds {unknown}
 o - 2 potions of haste {unknown}
 s - 2 potions of curing {unknown}
 C - 2 potions of degeneration {unknown}
 E - a potion of might {unknown}


   Skills:
 + Level 3.8 Fighting
 + Level 6.4 Maces & Flails
 + Level 0.4 Throwing
 + Level 3.5 Dodging
 + Level 1.9 Stealth


You had 6 spell levels left.
You didn't know any spells.
Your spell library contained the following spells:

 Spells                   Type           Power      Damage    Failure   Level
 Slow                     Hex            0%         N/A       45%         1
 Confusing Touch          Hex            0%         N/A       83%         3
 Dazzling Flash           Conj/Hex       0%         N/A       83%         3
 Summon Guardian Golem    Hex/Summ       0%         N/A       83%         3
 Vampiric Draining        Necr           0%         2d6       83%         3
 Iskenderun's Mystic Bla  Conj/Tloc      0%         2d3       99%         4
 Starburst                Conj/Fire      0%         6d3       100%        6
 Orb of Destruction       Conj           0%         9d5       100%        7
 Spellforged Servitor     Conj/Summ      0%         N/A       100%        7


Dungeon Overview and Level Annotations

Branches:
Dungeon (5/15)             Temple (1/1) D:4

Altars:
Ashenzari
Cheibriados
Elyvilon
Fedhas
Gozag
Hepliaklqana
Makhleb
Nemelex Xobeh
Okawaru
Qazlal
Trog
Uskayaw
Wu Jian
Xom
Yredelemnul
The Shining One

Shops:
D:3 (:

Annotations:
D:5 Duvessa


Innate Abilities, Weirdness & Mutations

Your life essence is reduced to manifest your ancestor. (-10% HP)
You are too large for most types of armour.
You have claws for hands.
Your natural rate of healing is unusually fast.
You are covered in fur. (AC +1)
You have tough skin. (AC +1)


Message History

You feel very sick.
Dowan hits you with a +2 dagger of venom!
You are more poisoned.
Keminub barely misses Dowan.
You puncture Dowan!
Dowan is moderately wounded.
You feel very sick. Dowan hits you but does no damage.
You are more poisoned.
Keminub barely misses Dowan.
Dowan hits you with a +2 dagger of venom.
You are more poisoned.
You puncture Dowan!
Dowan is almost dead.
You feel extremely sick.
Keminub casts a spell at Dowan.
The stone arrow hits Dowan!
Dowan dies!
Duvessa weeps, and shakes her weapon.
Duvessa goes berserk!
Duvessa hits you but does no damage.
Keminub casts a spell at Duvessa.
The puff of frost hits Duvessa.
Duvessa resists.
You barely miss Duvessa.
Duvessa is lightly wounded.
You feel very sick. Duvessa barely misses you.
Duvessa hits you with a +0 short sword!
You completely miss Duvessa.
Duvessa is lightly wounded.
You feel very sick. Duvessa hits you with a +0 short sword!
* * * LOW HITPOINT WARNING * * *
Keminub points at Duvessa and mumbles some strange words.
The puff of frost hits Duvessa.
Duvessa resists.
Duvessa hits Keminub with a +0 short sword!
Keminub hits Duvessa with a +0 quarterstaff!!
You closely miss Duvessa.
Duvessa is moderately wounded.
You feel very sick. Duvessa hits you with a +0 short sword!
You die...

### #.#........#
##'#........#
###...........#
####....[.....##.#
...'..........##.#
####..........##.#
...#..........##.#
##.######.....##.#######
................@R......
###.###.########.e......
# #.# #.# #........ #
#.###.# ......... #
#..##.# .....#... #
##.##.# ......# .. #
#.##.# ......+ . #
#.##.# .......# # #..#.#


You could see the friendly Keminub the battlemage and Duvessa (berserk, ally
target).

Vanquished Creatures
  An ogre (D:3)
  2 hounds
  An orc priest (D:4)
  Crazy Yiuf (D:4)
  A bullfrog skeleton (D:5)
  2 iguanas (D:4)
  4 gnolls
  8 adders
  A white imp (D:4)
  2 adder zombies (D:3)
  2 dart slugs
  An orc (D:5)
  6 ball pythons
  4 bats
  7 endoplasms
  3 giant cockroaches
  9 goblins
  10 hobgoblins
  2 jackals (D:3)
  3 quokkas
  A ball python zombie (D:3)
  3 frilled lizards
  3 kobolds
  5 rats
82 creatures vanquished.

Vanquished Creatures (collateral kills)
  An ogre (D:4)
  Dowan (D:5)
  An orc priest (D:4)
  An iguana (D:5)
  A gnoll shaman (D:5)
  2 orc wizards (D:4)
  2 gnolls (D:5)
  An adder (D:4)
  An orc (D:4)
  An endoplasm (D:4)
  2 giant cockroaches (D:4)
  2 goblins (D:4)
  A kobold (D:4)
  2 quokkas (D:4)
19 creatures vanquished.

Vanquished Creatures (others)
  6 plants (D:1)
6 creatures vanquished.

Grand Total: 107 creatures vanquished

Notes
Turn   | Place    | Note
-------+----------+-------------------------------------------
     0 | D:1      | issech the Troll Monk began the quest for the Orb.
     0 | D:1      | Reached XP level 1. HP: 22/22 MP: 0/0
   106 | D:1      | Reached XP level 2. HP: 29/29 MP: 1/1
   266 | D:1      | Reached skill level 3 in Maces & Flails
   515 | D:1      | Reached XP level 3. HP: 35/36 MP: 2/2
  1546 | D:2      | Reached XP level 4. HP: 44/44 MP: 3/3
  1818 | D:3      | Noticed an ogre
  1870 | D:3      | Found a broken altar of Ashenzari.
  1907 | D:3      | Killed an ogre
  1908 | D:3      | Reached skill level 4 in Maces & Flails
  1908 | D:3      | Reached XP level 5. HP: 29/53 MP: 4/4
  1954 | D:3      | Found Faqotroe's Book Shoppe.
  2103 | D:3      | Found a basalt altar of Yredelemnul.
  2262 | D:3      | Found Ecoibum's Weapon Shoppe.
  2342 | D:3      | Found a stormy altar of Qazlal.
  2480 | D:3      | Found a bloodstained altar of Trog.
  2480 | D:3      | Found an iron altar of Okawaru.
  2656 | D:4      | Found a staircase to the Ecumenical Temple.
  2665 | Temple   | Entered the Ecumenical Temple
  2715 | Temple   | Became a worshipper of Hepliaklqana the Forgotten
  2715 | Temple   | Reached * piety under Hepliaklqana
  2715 | Temple   | Reached ** piety under Hepliaklqana
  2716 | Temple   | Remembered your ancestor Keminub as a battlemage
  3024 | D:4      | Reached XP level 6. HP: 54/54 MP: 5/5
  3065 | D:4      | Found a hide-covered altar of Uskayaw.
  3113 | D:4      | Reached skill level 5 in Maces & Flails
  3214 | D:4      | Found a runed translucent door.
  3215 | D:4      | Noticed Crazy Yiuf
  3220 | D:4      | Killed Crazy Yiuf
  3468 | D:4      | Reached XP level 7. HP: 36/60 MP: 6/6
  3762 | D:5      | Entered Level 5 of the Dungeon
  3853 | D:5      | Reached skill level 6 in Maces & Flails
  3964 | D:5      | Found a burning altar of Makhleb.
  3964 | D:5      | Noticed a green death
  3968 | D:5      | Noticed a hellwing
  3968 | D:5      | Noticed a ynoxinul
  4270 | D:5      | Noticed Dowan
  4272 | D:5      | Noticed Duvessa
  4276 | D:5      | Killed Dowan
  4279 | D:5      | Slain by Duvessa

Illustrated notes

Levels and vault maps discovered:
D:1:      dpeg_arrival_rhombus, layout_basic, serial_forest,
          infiniplex_forest_join, infiniplex_forest_end_double,
          infiniplex_forest_clump_double, infiniplex_forest_clump_tiny,
          infiniplex_forest_lined_4_way, infiniplex_forest_lined_corner
D:2:      layout_loops_ring, grunt_decor_fettered
D:3:      layout_loops_ring, mainiacjoe_overflow_brackets,
          nicolae_yredelemnul_corpse_copse, grunt_temple_overflow_bloody_war,
          amcnicky_altar_gilded, serial_shops, shop, shop
D:4:      layout_basic, lemuel_crystal_altar,
          minmay_temple_entry_drinking_statues, hangedman_decor_peaks_small,
          kennysheep_generic_room_16, uniq_crazy_yiuf_cottage
D:5:      layout_basic, makhleb_altar_promises_db, uniq_duvessa
Temple:   compressed_dpeg_triangle_lava_temple

Skill      XL: |  1  2  3  4  5  6  7 |
---------------+----------------------+-----
Maces & Flails | 3 4 5 6 |  6.4
Dodging        | 3 |  3.5
Fighting       | 3 |  3.8
Throwing       | |  0.4
Stealth        | |  1.9

Action                   |  1- 3 |  4- 6 |  7- 9 || total
-------------------------+-------+-------+-------++-------
Melee: Mace              |   100 |    40 |       ||   140
       Punch             |     1 |       |       ||     1
       Giant spiked club |       |    65 |    25 ||    90
Throw: Stone             |       |    13 |       ||    13
Invok: Ancestor Life: Ba |       |     1 |       ||     1
 Stab: Sleeping          |     3 |     2 |       ||     5
       Distracted        |       |     1 |       ||     1
Armor: Robe              |    25 |    45 |     4 ||    74
Dodge: Dodged            |    53 |    70 |    27 ||   150
